 Dungeon Crawl Stone Soup version 0.21.1-1-g345015fe64 (webtiles) character file.

605 Peloso the Shield-Bearer (level 7, 0/61 HPs)
             Began as a Minotaur Fighter on Mar 28, 2018.
             Succumbed to a worker ant's poison
             ... on level 4 of the Dungeon.
             The game lasted 00:05:22 (2513 turns).

Peloso the Shield-Bearer (Minotaur Fighter)         Turns: 2513, Time: 00:05:23

Health: 0/61       AC:  9    Str: 21    XL:     7   Next: 19%
Magic:  6/6        EV:  6    Int:  5    God:
Gold:   120        SH: 10    Dex: 11    Spells: 6/6 levels left

rFire    . . .     SeeInvis .   a - +0 long sword
rCold    . . .     Gourm    .   c - +0 shield
rNeg     + . .     Faith    .   b - +0 chain mail
rPois    .         Spirit   .   (helmet restricted)
rElec    .         Reflect  .   (no cloak)
rCorr    .         Harm     .   (no gloves)
MR       .....                  (no boots)
Stlth    ..........             (no amulet)
HPRegen  0.20/turn              g - ring of positive energy
MPRegen  0.10/turn              (no ring)

@: lethally poisoned (0 -> -3)
A: retaliatory headbutt, horns 2
a: no special abilities


You were on level 4 of the Dungeon.
You were hungry.

You visited 1 branch of the dungeon, and saw 4 of its levels.

You collected 120 gold pieces.

Inventory:

Hand Weapons
 a - a +0 long sword (weapon)
 h - a +3 short sword
 n - a cursed -2 dagger
Armour
 b - a +0 chain mail (worn)
 c - a +0 shield (worn)
Jewellery
 g - a ring of positive energy (left hand)
Scrolls
 e - a scroll of fog {unknown}
 j - 8 scrolls of remove curse {unknown}
 k - a scroll of immolation {unknown}
 m - a scroll of magic mapping {unknown}
 o - a scroll of random uselessness {unknown}
 q - a scroll of blinking {unknown}
 r - a scroll of teleportation {unknown}
 s - a scroll of identify {unknown}
Potions
 d - a potion of might
 i - 3 potions of curing {unknown}
 l - a potion of brilliance {unknown}
Comestibles
 f - 4 rations
 p - 6 chunks of flesh


   Skills:
 + Level 5.2 Fighting
 + Level 6.1 Long Blades
 + Level 4.7 Armour
 + Level 1.7 Dodging
 + Level 0.1 Stealth
 + Level 6.1 Shields


You had 6 spell levels left.
You didn't know any spells.

Dungeon Overview and Level Annotations

Branches:
Dungeon (4/15)
 Temple: D:4-7

Altars:
Elyvilon


Innate Abilities, Weirdness & Mutations

You reflexively headbutt those who attack you in melee.
You have a pair of horns on your head.


Message History

You kill the worker ant!
Your Long Blades skill increases to level 6!
The gnoll barely misses you. x2
Your shield and chain mail prevent you from hitting the gnoll.
You headbutt the gnoll!
The gnoll is heavily wounded.
You feel sick. You block the gnoll's attack.
The gnoll hits you from afar with a spear.
* * * LOW HITPOINT WARNING * * *
Unknown command.
You hit the gnoll.
You headbutt the gnoll, but do no damage.
The gnoll is heavily wounded.
The gnoll hits you with a whip.
* * * LOW HITPOINT WARNING * * *
The gnoll hits you from afar with a spear!
* * * LOW HITPOINT WARNING * * *
You hit the gnoll but do no damage. You headbutt the gnoll.
The gnoll is severely wounded.
You die...

####.#.#.####.####.#.##.#
#....#.#....#.# #....#
#.####.####.#.# #.####
#...........#.# ..#
#############.######.# .
................# #
..#.#####..###..#
#####g####..#
#..)..g@....#
#.#...#####.## #..#..#
#...### ..... ...... .
... ....


You could see 2 gnolls.

Vanquished Creatures
  Duvessa (D:4)
  A phantom (D:4)
  The ghost of BrokenGlass the Sneak, an amateur VSAs (D:3)
  A bullfrog (D:4)
  Dowan (D:4)
  2 orc priests (D:3)
  A worker ant (D:4)
  A gnoll (D:4)
  4 adders (D:2)
  An ooze (D:4)
  A worm (D:3)
  A dart slug (D:3)
  5 orcs (D:3)
  2 ball pythons (D:1)
  9 giant cockroaches
  9 goblins
  9 hobgoblins
  3 jackals (D:1)
  2 quokkas (D:3)
  8 bats
  7 frilled lizards
  14 kobolds
  A leopard gecko skeleton (D:4)
  11 rats
96 creatures vanquished.

Notes
Turn   | Place    | Note
-------+----------+-------------------------------------------
     0 | D:1      | Peloso the Minotaur Fighter began the quest for the Orb.
     0 | D:1      | Reached XP level 1. HP: 19/19 MP: 0/0
   157 | D:1      | Reached XP level 2. HP: 27/27 MP: 1/1
   575 | D:1      | Reached XP level 3. HP: 15/33 MP: 2/2
  1025 | D:2      | Reached skill level 1 in Dodging
  1177 | D:2      | Reached XP level 4. HP: 38/40 MP: 3/3
  1265 | D:2      | Found a white marble altar of Elyvilon.
  1700 | D:3      | Noticed BrokenGlass's ghost (amateur VSAs)
  1705 | D:3      | Killed BrokenGlass's ghost
  1705 | D:3      | Reached skill level 5 in Shields
  1705 | D:3      | Reached XP level 5. HP: 47/47 MP: 4/4
  2269 | D:4      | Noticed a phantom
  2276 | D:4      | Reached XP level 6. HP: 34/55 MP: 5/5
  2296 | D:4      | Reached skill level 5 in Fighting
  2296 | D:4      | Reached skill level 5 in Long Blades
  2356 | D:4      | Noticed Dowan
  2357 | D:4      | Noticed Duvessa
  2362 | D:4      | Killed Duvessa
  2362 | D:4      | Reached XP level 7. HP: 48/61 MP: 6/6
  2364 | D:4      | Killed Dowan
  2512 | D:4      | HP: 1/61 [gnoll/spear (8)]
  2513 | D:4      | Succumbed to a worker ant's poison

Skill      XL: |  1  2  3  4  5  6  7 |
---------------+----------------------+-----
Shields        | 4 5 6 |  6.1
Fighting       | 4 5 |  5.2
Long Blades    | 3 4 5 6 |  6.1
Dodging        | 1 |  1.7
Armour         | 4 |  4.7
Stealth        | |  0.1

Action                   |  1- 3 |  4- 6 |  7- 9 || total
-------------------------+-------+-------+-------++-------
Melee: Long sword        |   108 |    84 |    24 ||   216
       Headbutt          |    19 |    17 |     6 ||    42
  Use: Potion            |       |     2 |       ||     2
  Eat: Chunk             |     1 |     4 |       ||     5
Armor: Scale mail        |    48 |       |       ||    48
       Chain mail        |    26 |    35 |    14 ||    75
Dodge: Dodged            |    48 |    33 |     7 ||    88
Block: Shield            |    72 |    53 |    24 ||   149
       Rpst.: Long sword |    14 |     8 |     1 ||    23
